 Dungeon Crawl Stone Soup version 0.28-a0-1130-gc51a68064b (webtiles) character file.

Game seed: 5060407189195938928

2 freelancePsychic the Skirmisher (level 1, -3/18 HPs)
             Began as a Demonspawn Monk on Dec 13, 2021.
             Slain by a gnoll (4 damage)
             ... on level 1 of the Dungeon.
             The game lasted 00:00:20 (104 turns).

freelancePsychic the Skirmisher (Demonspawn Monk)    Turns: 104, Time: 00:00:20

Health: -3/18      AC:  2    Str: 11    XL:     1   Next: 25%
Magic:  1/1        EV: 12    Int: 11    God:
Gold:   17         SH:  0    Dex: 15    Spells: 0/0 levels left

rFire   . . .      SeeInvis .   a - +0 short sword
rCold   . . .      Faith    .   (no shield)
rNeg    . . .      Spirit   .   b - +0 robe
rPois   .          Reflect  .   (no helmet)
rElec   .          Harm     .   (no cloak)
rCorr   .          Rampage  .   (no gloves)
Will    .....                   (no boots)
Stlth   ++........              (no amulet)
HPRegen 0.06/turn               (no ring)
MPRegen 0.07/turn               (no ring)

@: no status effects
A: no striking features
a: no special abilities


You were on level 1 of the Dungeon.
You visited 1 branch of the dungeon, and saw 1 of its levels.

You collected 17 gold pieces.

Inventory:

Hand Weapons
 a - a +0 short sword (weapon)
Armour
 b - a +0 robe (worn)


   Skills:
 + Level 3.0 Fighting
 * Level 2.8 Short Blades
 - Level 2.6 Dodging
 - Level 1.7 Stealth


You couldn't memorise any spells.
You didn't know any spells.
Your spell library was empty.

Dungeon Overview and Level Annotations

Branches:
Dungeon (1/15)

Altars:


Message History

You now have 10 gold pieces.
You now have 17 gold pieces (gained 7).
A goblin comes into view. It is wielding a +0 dagger.
Found 11 gold pieces.
A frilled lizard comes into view.
The goblin shouts!
The frilled lizard hisses angrily.
The goblin closely misses you.
A gnoll comes into view. It is wielding a +0 spear.
The gnoll shouts!
You aren't carrying any scrolls.
You aren't carrying any potions.
Hit: a) +0 short sword
Press: ? - help, Dir - move target, f - you
Okay, then.
The goblin misses you.
You completely miss the goblin. The goblin hits you with a +0 dagger.
You hit the goblin.
You kill the goblin!
You hit the frilled lizard.
You kill the frilled lizard!
The gnoll hits you with a +0 spear.
You see here a +0 dagger.
You hit the gnoll.
The gnoll is lightly wounded.
The gnoll misses you.
You hit the gnoll.
The gnoll is moderately wounded.
The gnoll hits you with a +0 spear.
You hit the gnoll but do no damage.
The gnoll is moderately wounded.
The gnoll hits you with a +0 spear.
You hit the gnoll but do no damage.
The gnoll is moderately wounded.
The gnoll hits you with a +0 spear.
* * * LOW HITPOINT WARNING * * *
You hit the gnoll but do no damage.
The gnoll is moderately wounded.
The gnoll hits you with a +0 spear.
You die...

#.#...........#.####### .##
#.#.##.##.#............ ..#
#.#.##.##.#####........ ..#
#......##.#####........ $.#
####...#####..............
..# ##....####
#########.......
..#####........# #.....#
#.......
.............#.###.....#
#.......
...............g@......#
###...##
.............#.###.....#
##.....# ..####.......#.#
#.....# #....... ..#
#.#.......############.....#
..#
#.##g.###.##.......####...##
..# ......#
#.##.####8#.####.## ..#
#..###.# #.###....##.#.##.#
... .... ... ..#
##.<.##.#.##.# #...##.#....#


You could see a gnoll.

Vanquished Creatures
  A goblin (D:1)
  A frilled lizard (D:1)
2 creatures vanquished.

Notes
Turn   | Place    | Note
-------+----------+-------------------------------------------
     0 | D:1      | freelancePsychic the Demonspawn Monk began the quest for
                  | the Orb.
     0 | D:1      | Reached XP level 1. HP: 18/18 MP: 1/1
   104 | D:1      | Slain by a gnoll

Illustrated notes

Levels and vault maps discovered:
D:1:      saegor_arrival_simple_e, layout_loops_cross, minmay_misc_feat_encased

Action                   || total
-------------------------++-------
Melee: Short sword       ||     8
Dodge: Dodged            ||     3

Table legend: (Time is in decaauts)
 A = Elapsed time spent in this place.
 B = Non-inter-level travel time spent in this place.
 C = Inter-level travel time spent in this place.
 D = Time resting spent in this place.
 E = Time spent auto-exploring this place.
 F = Levels seen in this place.
 G = Mean time per level.
                   A        B        C        D        E       F      G
               +--------+--------+--------+--------+--------+-----+--------+
         Total |    103 |    103 |      0 |      0 |     72 |   1 |  103.0 |
       Dungeon |    103 |    103 |      0 |      0 |     72 |   1 |  103.0 |
               +--------+--------+--------+--------+--------+-----+--------+

Top non-repeatable levels by time:
     D:1: 103 daAuts
